Map: Prion Terraces

Players

Nerchio - Winner!

  • Race: Zerg Zerg
  • League: Grandmaster

Zanster

  • Race: Zerg Zerg

Event: 2016 WCS Winter Challenger Europe

VOD

Have the link to the VOD?

Description

Time

  • Played on: Feb. 13, 2016, 10:34 a.m.
  • Length: 8:53

All games in this series

Show
View Real Time Build Order
Export as new Build Order

Nerchio Zerg - Winner!

Build Orders: Pool First 

Get SALT Encoding   

  12  0:18  Spawning Pool  
  11  0:22  Drone  
  11  0:26  Drone  
  13  0:31  Drone  
  14  0:39  Overlord  
  14  1:04  Zergling x2, Queen  
  14  1:05  Zergling x4  
  19  1:16  Zergling x2  
  20  1:26  Zergling x2  
  21  1:34  Hatchery  
  21  1:37  Zergling x2  
  21  1:47  Overlord  
  21  2:00  Drone  
  22  2:05  Queen  
  24  2:09  Drone  
  24  2:13  Drone x2  
  27  2:16  Drone  
  28  2:30  Overlord  
  28  2:33  Drone  
  29  2:43  Drone  
  30  2:45  Queen  
  30  2:48  Drone  
  30  2:49  Drone  
  31  2:51  Drone  
  30  3:02  Spine Crawler  
  29  3:07  Queen  
  30  3:15  Drone x3  
  30  3:16  Drone  
  34  3:20  Drone x2  
  36  3:29  Roach Warren  
  36  3:31  Extractor  
  34  3:35  Extractor, Queen  
  34  3:39  Drone  
  34  3:40  Drone  
  37  3:41  Drone  
  37  3:47  Overlord  
  38  3:49  Drone x3  
  41  3:56  Drone x2  
  41  3:59  Overlord  
  43  4:13  Drone x2  
  43  4:14  Drone x3  
  43  4:16  Overlord  
  48  4:21  Extractor  
  47  4:24  Roach x2  
  47  4:29  Roach  
  53  4:34  Roach x3  
  59  4:39  Roach  
  59  4:45  Overlord x2  
  61  4:47  Roach x2  
  61  4:49  Roach  
  67  4:59  Roach  
  67  5:00  Roach  
  67  5:03  Roach  
  67  5:06  Roach x2  
  71  5:14  Roach  
  73  5:16  Roach  
  79  5:21  Roach x2  
  79  5:23  Roach  
  81  5:28  Overlord  
  81  5:30  Overlord  
  81  5:31  Hatchery  
  81  5:33  Overlord  
  76  5:42  Roach  
  76  5:46  Overlord  
  76  5:48  Roach x3  
  80  5:55  Roach x2  
  80  5:56  Roach x2  
  86  6:01  Ravager  
  86  6:02  Ravager  
  88  6:04  Zergling x6  
  88  6:05  Zergling x2  
  88  6:08  Drone, Ravager  
  94  6:13  Extractor  
  94  6:15  Lair  
  94  6:17  Drone x2  
  94  6:19  Drone x2  
  94  6:20  Drone  
  94  6:22  Drone  
  94  6:25  Drone  
  99  6:27  Drone  
  99  6:28  Drone  
  99  6:30  Ravager x2  
  99  6:32  Drone  
  104  6:39  Evolution Chamber  
  103  6:40  Overlord  
  103  6:49  Overlord  
  103  6:59  Extractor, Queen x2  
  106  7:05  Drone  
  106  7:06  Drone x2  
  109  7:15  Drone x2  
  111  7:18  Glial Reconstitution  
  111  7:19  Spire  
  111  7:20  Roach  
  111  7:21  Roach x2  
  116  7:24  Roach  
  116  7:29  Roach x2  
  121  7:36  Overlord  
  121  7:37  Overlord, Overseer  
  119  7:40  Roach  
  119  7:41  Roach  
  119  7:44  Overlord  
  123  7:46  Roach  
  123  7:49  Roach x2  
  129  7:54  Overlord  
  129  7:56  Roach x2  
  135  7:58  Roach  
  135  8:00  Roach  
  135  8:03  Roach  
  135  8:04  Roach  
  141  8:06  Roach  
  141  8:10  Extractor, Ravager  
  141  8:11  Ravager x3  
  141  8:12  Roach  
  148  8:16  Overlord  
  146  8:23  Roach x4  
  146  8:26  Roach  
  153  8:27  Roach  
  153  8:31  Ravager  
  153  8:32  Overlord x2  
Show
View Real Time Build Order
Export as new Build Order

Zanster Zerg 

Build Orders: Hatch First 

Get SALT Encoding   

  12  0:00  Drone  
  13  0:13  Overlord  
  13  0:17  Drone  
  14  0:32  Drone  
  14  0:33  Drone  
  16  0:36  Drone  
  17  0:51  Hatchery  
  17  0:55  Drone  
  17  0:57  Drone  
  18  1:09  Extractor  
  17  1:12  Spawning Pool  
  17  1:16  Drone  
  17  1:20  Drone  
  18  1:29  Drone  
  19  1:39  Overlord  
  19  2:00  Roach Warren, Queen  
  20  2:01  Zergling x2  
  20  2:02  Zergling x2  
  20  2:04  Zergling x2  
  20  2:08  Spine Crawler  
  22  2:13  Zergling x2  
  23  2:18  Zergling x2  
  24  2:45  Roach x3  
  26  2:56  Roach  
  28  3:12  Overlord  
  28  3:14  Hatchery  
  28  3:17  Overlord  
  28  3:19  Roach  
  29  3:31  Roach x2  
  33  3:40  Roach  
  35  3:45  Queen  
  37  3:51  Overlord  
  37  3:59  Ravager x2  
  37  4:01  Roach  
  41  4:07  Roach  
  43  4:11  Roach  
  43  4:14  Overlord  
  45  4:19  Drone  
  46  4:35  Roach x2  
  46  4:38  Roach  
  52  4:48  Roach  
  54  4:57  Drone  
  54  4:58  Drone x3  
  57  5:03  Drone  
  57  5:06  Drone  
  54  5:10  Drone  
  54  5:13  Drone  
  55  5:14  Drone  
  55  5:19  Drone  
  55  5:20  Drone  
  57  5:23  Drone  
  57  5:25  Drone  
  59  5:30  Drone  
  52  5:46  Roach x5  
  60  5:50  Extractor  
  60  5:52  Drone  
  60  5:53  Overlord, Extractor  
  60  5:55  Overlord  
  59  6:02  Drone  
  60  6:10  Hatchery  
  59  6:12  Drone  
  59  6:13  Drone x3  
  59  6:18  Lair  
  63  6:21  Drone  
  64  6:27  Roach x2  
  64  6:29  Roach  
  64  6:32  Roach  
  72  6:36  Roach  
  72  6:38  Roach  
  76  6:40  Overlord  
  76  6:43  Extractor  
  76  6:45  Overlord  
  75  6:47  Drone  
  75  6:50  Overlord  
  77  7:00  Overlord  
  77  7:06  Roach x3  
  77  7:07  Overlord  
  83  7:11  Drone x3  
  86  7:17  Overlord  
  86  7:22  Spire  
  85  7:23  Drone x4  
  85  7:26  Overlord  
  89  7:38  Hatchery, Drone  
  89  7:40  Drone  
  89  7:42  Drone  
  89  7:43  Drone  
  92  7:54  Drone x3  
  96  7:58  Drone x2  
  96  8:03  Roach  
  96  8:04  Roach x2  
  103  8:06  Roach  
  103  8:10  Overseer  
  105  8:13  Overlord  
  98  8:27  Roach  
  98  8:28  Roach x5  
  98  8:29  Overlord  
Tags
 
Add a new tag
Caveats
  • Supply blocks, unpowered buildings, or Contaminate may cause inaccurate times.
  • Supply counts are checked every 10 seconds.